 Seeded DCSS version 0.30-a0-187-gd9c2deaf24 (webtiles) character file.

Game seed: 10389257799748471964 (custom seed)

6029 valliere the Spear-Bearer (level 10, -4/93 HPs)
             Began as a Hill Orc Fighter on Oct 3, 2022.
             Slain by a two-headed ogre
             ... wielding a +0 giant club
              (28 damage)
             ... on level 8 of the Dungeon.
             The game lasted 00:17:48 (8978 turns).

valliere the Spear-Bearer (Hill Orc Fighter)        Turns: 8978, Time: 00:17:48

Health: -4/93      AC: 14    Str: 24    XL:     10   Next: 86%
Magic:  10/10      EV:  8    Int:  8    God:
Gold:   1552       SH:  6    Dex: 10    Spells: 9/9 levels left

rFire   + . .      SeeInvis .    a - +0 trident
rCold   . . .      Faith    .    c - +0 buckler
rNeg    . . .      Spirit   .    G - +1 chain mail {rF+}
rPois   .          Reflect  .    (no helmet)
rElec   .          Harm     .    (no cloak)
rCorr   +          Rampage  .    m - +1 pair of gloves
Will    .....                    (no boots)
Stlth   ..........               (no amulet)
HPRegen 0.35/turn                o - ring of resist corrosion
MPRegen 0.12/turn                v - ring of wizardry

@: no status effects
A: no striking features
a: no special abilities


You were on level 8 of the Dungeon.
You visited 2 branches of the dungeon, and saw 9 of its levels.
You also visited: Sewer.

You collected 1552 gold pieces.

Inventory:

Hand Weapons
 a - a +0 trident (weapon)
Missiles
 x - a throwing net (quivered)
Armour
 c - a +0 buckler (worn)
 m - a +1 pair of gloves (worn)
 w - a +0 plate armour
 G - a +1 chain mail of fire resistance (worn)
Jewellery
 o - a ring of resist corrosion (left hand)
 v - a ring of wizardry (right hand)
 B - an amulet of the acrobat
Wands
 D - a wand of flame (29)
 F - a wand of digging (5)
Scrolls
 e - a scroll of brand weapon {unknown}
 f - 3 scrolls of teleportation
 i - 2 scrolls of butterflies {unknown}
 k - 2 scrolls of amnesia {unknown}
 l - 2 scrolls of enchant armour {unknown}
 n - 3 scrolls of magic mapping {unknown}
 s - a scroll of blinking {unknown}
 u - 3 scrolls of immolation
 y - a scroll of silence {unknown}
 A - a scroll of vulnerability {unknown}
 C - a scroll of enchant weapon {unknown}
 E - a scroll of noise {unknown}
Potions
 b - 2 potions of brilliance {unknown}
 d - 4 potions of might
 g - 2 potions of attraction {unknown}
 h - 6 potions of haste
 j - 2 potions of cancellation {unknown}
 p - a potion of invisibility {unknown}
 q - a potion of ambrosia {unknown}
 r - 4 potions of heal wounds
 t - a potion of magic {unknown}
 z - 3 potions of curing {unknown}


   Skills:
 + Level 10.1 Fighting
 * Level 12.2 Polearms
 + Level 9.2 Armour
 + Level 9.2 Shields


You had 9 spell levels left.
You didn't know any spells.
Your spell library contained the following spells:

 Spells                   Type           Power      Damage    Failure   Level
 Necrotise                Necr           0%         1d4       71%         1
 Kindle Blastsparks       Fire/Tloc/Air  0%         2d10      96%         3
 Ozocubu's Armour         Ice            0%         N/A       96%         3
 Vampiric Draining        Necr           0%         2d6       96%         3
 Fulminant Prism          Conj/Hex       0%         3d6       100%        4
 Iskenderun's Mystic Bla  Conj/Tloc      0%         2d3       100%        4
 Agony                    Necr           0%         N/A       100%        5
 Lee's Rapid Deconstruct  Erth           0%         3d5*      100%        5
 Ozocubu's Refrigeration  Ice            0%         4d7       100%        7


Dungeon Overview and Level Annotations

Branches:
Dungeon (8/15)             Temple (1/1) D:6           Sewer (visited)
   Lair: D:8-11

Altars:
Ashenzari
Dithmenos
Elyvilon
Fedhas
Hepliaklqana
Kikubaaqudgha
Makhleb
Okawaru
Qazlal
Sif Muna
Trog
Vehumet
Wu Jian
Xom
Yredelemnul
Zin

Shops:
D:7 (

Annotations:
D:4 1 runed translucent door


Message History

The yak gores you but does no damage.
You puncture the yak!
You kill the yak!
The yak barely misses you.
Things that are here:
a yak corpse; a yak corpse The yak attacks as you move away!
The yak gores you but does no damage.
Okay, then.
You are too injured to fight recklessly!
You closely miss the yak. The yak gores you but does no damage.
You hit the yak.
The yak is lightly wounded.
The yak gores you!
* * * LOW HITPOINT WARNING * * *
You hit the yak.
The yak is lightly wounded.
You puncture the yak!
The yak is moderately wounded.
The yak gores you but does no damage.
You hit the yak.
The yak is heavily wounded.
The yak gores you but does no damage.
You hit the yak but do no damage.
The yak is heavily wounded.
The yak barely misses you.
You hit the yak.
The yak is heavily wounded.
You puncture the yak!
The yak is severely wounded.
The yak barely misses you.
You hit the yak but do no damage.
The yak is severely wounded.
You block the yak's attack.
You puncture the yak!
The yak is almost dead.
You hit the yak.
You kill the yak!
You barely miss the two-headed ogre. The two-headed ogre barely misses you.
The two-headed ogre hits you with a +0 giant spiked club!!
You die...

#.##........
#...........
####.####### #.# #.#
#.# ##†######
#.############....>..#
#....O@......).####.$#
....############## # .


You could see a two-headed ogre.

Vanquished Creatures
  A gargoyle (D:7)
  A shadow (D:7)
  A wyvern (D:7)
  5 yaks (D:8)
  3 steam dragons (D:7)
  Duvessa (D:7)
  A sky beast (D:7)
  5 ice beasts
  A black bear (D:6)
  An ogre (D:7)
  3 phantoms
  3 kobold brigands (Sewer)
  4 bullfrogs
  A necrophage (D:5)
  3 scorpions
  4 gnoll sergeants
  4 wights
  Dowan (D:7)
  5 killer bees
  A human zombie (D:4)
  5 jellies
  3 orc priests
  10 hounds
  4 gnoll boudas
  2 iguanas
  5 orc wizards
  10 adders
  25 gnolls
  8 river rats (Sewer)
  A shadow imp (D:6)
  A white imp (D:5)
  An ufetubus (D:5)
  A worm (D:2)
  2 dart slugs
  23 orcs
  6 endoplasms
  5 giant cockroaches
  6 goblins
  8 hobgoblins
  8 jackals
  6 quokkas
  8 ball pythons
  7 bats
  3 frilled lizards
  A goblin skeleton (D:4)
  16 kobolds
  26 rats
250 creatures vanquished.

Notes
Turn   | Place    | Note
-------+----------+-------------------------------------------
     0 | D:1      | valliere the Hill Orc Fighter began the quest for the Orb.
     0 | D:1      | Reached XP level 1. HP: 19/19 MP: 1/1
   102 | D:1      | Reached XP level 2. HP: 25/27 MP: 2/2
   668 | D:2      | Reached skill level 3 in Polearms
   668 | D:2      | Reached XP level 3. HP: 31/33 MP: 3/3
   804 | D:2      | Found a basalt altar of Yredelemnul.
  1100 | D:2      | Found a faded altar of an unknown god.
  1271 | D:2      | Reached XP level 4. HP: 40/40 MP: 4/4
  1864 | D:3      | Found a glowing drain.
  1992 | D:3      | Reached XP level 5. HP: 30/47 MP: 5/5
  1998 | D:3      | Reached skill level 4 in Polearms
  2077 | Sewer    | Entered a sewer
  2248 | Sewer    | Noticed a kobold brigand
  2266 | Sewer    | Killed a kobold brigand
  2267 | Sewer    | Reached XP level 6. HP: 49/55 MP: 6/6
  2279 | Sewer    | Identified a scroll of acquirement
  2280 | Sewer    | Acquired 1206 gold pieces
  2569 | Sewer    | Reached skill level 5 in Fighting
  2569 | Sewer    | Reached skill level 5 in Polearms
  2636 | Sewer    | Reached skill level 10 in Polearms
  2636 | Sewer    | Reached XP level 7. HP: 69/69 MP: 7/7
  3372 | D:4      | Found a hazy altar of Hepliaklqana.
  3429 | D:4      | Reached XP level 8. HP: 63/75 MP: 8/8
  3661 | D:4      | Found a white marble altar of Elyvilon.
  3827 | D:4      | Found a runed translucent door.
  3848 | D:4      | Found a basalt altar of Yredelemnul.
  3918 | D:5      | Entered Level 5 of the Dungeon
  5075 | D:5      | Reached XP level 9. HP: 75/82 MP: 9/9
  5214 | D:5      | Found a stormy altar of Qazlal.
  5436 | D:6      | Found a staircase to the Ecumenical Temple.
  5442 | Temple   | Entered the Ecumenical Temple
  6257 | D:7      | Reached skill level 11 in Polearms
  6344 | D:7      | Noticed Dowan
  6372 | D:7      | Killed Dowan
  6373 | D:7      | Noticed Duvessa
  6386 | D:7      | Killed Duvessa
  6955 | D:7      | Found Ogauczae's Weapon Shoppe.
  7045 | D:7      | Found a bloodstained altar of Trog.
  7177 | D:7      | Reached XP level 10. HP: 80/91 MP: 10/10
  8243 | D:7      | Noticed a gargoyle
  8264 | D:7      | Killed a gargoyle
  8274 | D:7      | Reached skill level 12 in Polearms
  8937 | D:8      | Noticed a two-headed ogre
  8942 | D:8      | Reached skill level 10 in Fighting
  8978 | D:8      | Slain by a two-headed ogre

Illustrated notes

Levels and vault maps discovered:
D:1:      minmay_arrival_open_corners, layout_basic, serial_glass,
          glass_columns_c, glass_columns_a, minmay_tree_intersection
D:2:      layout_loops_corners, basic_altar, ebering_ecumenical_altar_hall
D:3:      layout_basic, gup_sewer_entry_glass, minmay_misc_feat_secret_circle
D:4:      layout_rooms, dk_yredelemnul_ordeal, mainiacjoe_overflow_paths,
          mainiacjoe_overflow_small_starburst
D:5:      layout_loops_ring, nicolae_qazlal_style_of_elements,
          serial_park_tiny_2, reono_crystal_passage
D:6:      layout_gridville, minmay_temple_entry_statues_fountains,
          minmay_stone_trees_small
D:7:      kennysheep_windowed_halls, layout_cave_pools, general_overflow_altar,
          serial_shops, nicolae_square_shop, serial_gnoll_camp,
          gnoll_camp_mini_basic, gnoll_camp_mini_doghouse,
          gnoll_camp_huts_basic, gnoll_camp_mini_loothouse, uniq_duvessa
D:8:      layout_loops_ring, nicolae_ru_great_annihilating_truth,
          lightli_ossuary_entry_decrepit_ruins
Temple:   minmay_freezing_vapour_temple

Skill      XL: |  1  2  3  4  5  6  7  8  9 10 |
---------------+-------------------------------+-----
Fighting       | 4 8 9 10 | 10.1
Polearms       | 3 4 10 11 12 | 12.2
Armour         | 4 7 8 9 |  9.2
Shields        | 4 7 8 9 |  9.2

Action                   |  1- 3 |  4- 6 |  7- 9 | 10-12 || total
-------------------------+-------+-------+-------+-------++-------
Melee: Trident           |   137 |   235 |   588 |   292 ||  1252
  Use: Scroll            |       |     3 |     1 |     1 ||     5
       Potion            |       |     1 |     2 |       ||     3
 Stab: Sleeping          |       |       |     1 |       ||     1
Armor: Scale mail        |    47 |   139 |    34 |       ||   220
       Plate armour      |       |       |   311 |   117 ||   428
       Chain mail        |       |       |       |    21 ||    21
Dodge: Dodged            |    49 |   139 |   160 |    96 ||   444
Block: Buckler           |    15 |    79 |   136 |    62 ||   292

Table legend: (Time is in decaauts)
 A = Elapsed time spent in this place.
 B = Non-inter-level travel time spent in this place.
 C = Inter-level travel time spent in this place.
 D = Time resting spent in this place.
 E = Time spent auto-exploring this place.
 F = Levels seen in this place.
 G = Mean time per level.
                   A        B        C        D        E       F      G
               +--------+--------+--------+--------+--------+-----+--------+
         Total |   8876 |   8723 |    153 |   1047 |   5807 |  10 |  887.6 |
       Dungeon |   7880 |   7727 |    153 |   1047 |   5141 |   8 |  985.0 |
        Temple |     38 |     38 |      0 |      0 |      0 |   1 |   38.0 |
         Sewer |    957 |    957 |      0 |      0 |    666 |   1 |  957.0 |
               +--------+--------+--------+--------+--------+-----+--------+

Top non-repeatable levels by time:
     D:7: 2077 daAuts
     D:4: 1199 daAuts
     D:2: 1049 daAuts
   Sewer: 957 daAuts
     D:6: 956 daAuts
     D:5: 816 daAuts
     D:3: 774 daAuts
     D:1: 664 daAuts
     D:8: 342 daAuts
  Temple: 38 daAuts
